Cogmind - Beta 13 @@@ ROGUE MODE // 2024.05.31 @ 17:35:12 Player: Bace Troncons Result: Destroyed by G0-BXH(R) with Subdweller Machine Gun Performance ------------- Evolutions (0) 0 Regions Visited (2) 400 Robots Destroyed (23) 115 Value Destroyed (606) 606 Prototype IDs (10) 200 Alien Tech Used (0) 0 Bonus (0) 0 TOTAL SCORE: 1321 Bonus ------- None Cogmind --------- Core Integrity 0/250 Matter 132/300 Energy 250/250 System Corruption 0% Temperature Cool (0) Movement Treading (240) Ox1 Location -10/Subcaves Parts ------- > --- POWER (1) -------- Ion Engine > --- PROPULSION (2) --- Light Treads Subdweller Monowheel > --- UTILITY (2) ------ Medium Storage Unit Makeshift Light Armor Plating > --- WEAPON (2) ------- Heavy Assault Rifle Light Cannon > --- INVENTORY (10) --- Meta Core Meta Core Sensor Array Improved Terrain Scanner Improved Terrain Scanner Improved Targeting Computer Makeshift Hacking Suite Subdweller Shrapnel Launcher Makeshift Spear Makeshift Spear Peak State ------------ > --- POWER ------------ Ion Engine > --- PROPULSION ------- Light Treads Subdweller Monowheel > --- UTILITY ---------- Medium Storage Unit Makeshift Light Armor Plating > --- WEAPON ----------- Heavy Assault Rifle Light Cannon > --- INVENTORY -------- Meta Core Meta Core Sensor Array Improved Terrain Scanner Improved Terrain Scanner Improved Targeting Computer Makeshift Hacking Suite Subdweller Shrapnel Launcher Makeshift Spear [Rating: 16] Favorites ----------- Power Ion Engine Engine Ion Engine Propulsion Light Treads Treads Light Treads Wheel Subdweller Monowheel Utility Medium Storage Unit Device Improved Terrain Scanner Storage Medium Storage Unit Protection Core Shielding Weapon Light Cannon Energy Gun EM Pulse Gun Ballistic Gun Heavy Assault Rifle Ballistic Cannon Light Cannon Launcher EMP Blaster Slashing Weapon Mining Claw Build | -11 -10 -10 ------- Run | Yrd Mat Sub Slots Evolved . | . . . Power . | . . . Propulsion . | . . . Utility . | . . . Weapon . | . . . Parts Attached 40 | 6 11 23 Power 4 | 1 1 2 Engine 4 | 1 1 2 Core . | . . . Reactor . | . . . Propulsion 8 | 2 2 4 Treads 6 | 2 2 2 Leg . | . . . Wheel 2 | . . 2 Hover . | . . . Flight . | . . . Utility 13 | 1 2 10 Device 5 | . . 5 Storage 2 | 1 1 . Processor . | . . . Hackware . | . . . Protection 6 | . 1 5 Artifact . | . . . Weapon 15 | 2 6 7 Energy Gun 1 | 1 . . Energy Cannon . | . . . Ballistic Gun 5 | 1 2 2 Ballistic Cannon 6 | . 4 2 Launcher 1 | . . 1 Special Weapon . | . . . Impact Weapon . | . . . Slashing Weapon 2 | . . 2 Piercing Weapon . | . . . Special Melee Weapon . | . . . Unidentified Prototypes . | . . . Parts Lost 7 | . 2 5 Power 3 | . 2 1 Propulsion 2 | . . 2 Utility . | . . . Weapon 2 | . . 2 Highest Loss Streak 2 | . 1 2 To Critical Strikes . | . . . Average Slot Usage (%) 99 | . 98 99 Engine 13 | . 13 13 Treads 15 | . 27 14 Wheel 12 | . . 13 Device 11 | . . 12 Storage 14 | . 14 14 Protection 2 | . 13 1 Ballistic Gun 11 | . 13 11 Ballistic Cannon 10 | . 14 9 Launcher 1 | . . 2 Slashing Weapon 4 | . . 4 Naked Turns . | . . . Heaviest Build 25 | 14 22 25 Greatest Support 40 | 40 40 40 Greatest Overweight (x) 4 | 4 . 1 Average Overweight (x) . | 1 . . Largest Inventory Capacity 10 | 8 10 10 Average Capacity 9 | 7 9 10 Most Carried 10 | 3 10 10 Average Carried 9 | 2 8 9 Final Capacity 10 | 8 10 10 Final Carried 10 | 3 10 10 Class Distribution -------------------- 66% | Scavenger-Mutant 33% | Mutant Dominant Class ---------------- Mutant | -10/Materials Scavenger-Mutant | -10/Subcaves Resources | -11 -10 -10 ----------- Run | Yrd Mat Sub Matter Collected 1105 | 211 437 457 Remotely . | . . . Salvage Created 496 | . 269 227 Parts 36 | . 26 10 Haulers Intercepted 1 | . 1 . Recyclers Shooed . | . . . Parts Field Recycled . | . . . Retrieved Matter . | . . . Parts Self-Destructed 8 | . . 8 Prevented . | . . . Kills | -11 -10 -10 ------- Run | Yrd Mat Sub Combat Hostiles Destroyed 18 | . 9 9 Guns 1 | . 1 . Cannons 15 | . 8 7 AOE 2 | . . 2 Classes Destroyed 7 | . 5 2 Tunneler 2 | . 2 . Hauler 1 | . 1 . Watcher 2 | . 2 . Swarmer 5 | . 4 1 Grunt 5 | . 5 . Sentry 1 | . . 1 Subdweller 7 | . . 7 Best Kill Streak 3 | . 3 3 Combat Bots Only 3 | . 3 3 Max Kills in Single Turn 1 | . 1 1 Gunslinging . | . . . Exploded 1 | . . 1 Melee . | . . . Uniques/NPCs Destroyed . | . . . Combat | -11 -10 -10 -------- Run | Yrd Mat Sub Hostile Shots Fired 135 | . 86 49 Missed 42 | . 25 17 Damage Taken 1495 | . 765 730 Core 260 | . 105 155 Absorbed by Shields . | . . . Redirected to Shielding 49 | . 20 29 Regen/Repaired (Parts) 150 | . 150 . Core Remaining (%) 100 | 100 . . Volleys Fired 115 | . 47 68 Largest 2 | . 2 2 Hottest 70 | . 70 70 Shots Fired 187 | . 94 93 Gun 45 | . 37 8 Cannon 135 | . 57 78 Launcher 7 | . . 7 Special . | . . . Kinetic 180 | . 94 86 Thermal . | . . . Explosive . | . . . Electromagnetic 7 | . . 7 Robot Hit Streak 24 | . 5 24 Robot Miss Streak 5 | . 5 2 Penetration Max . | . . . Secondary Targets . | . . . Shots Hit Robots 100 | . 52 48 Core Hits 34 | . 16 18 Critical Kills . | . . . Critical Parts Destroyed . | . . . Critical Strikes 5 | . 2 3 Blast 5 | . 2 3 Melee Attacks 30 | . . 30 Impact . | . . . Slashing 30 | . . 30 Piercing . | . . . Sneak Attacks . | . . . Combat Hostiles . | . . . Follow-up Attacks . | . . . Damage Inflicted 1789 | . 800 989 Guns 290 | . 278 12 Cannons 1268 | . 522 746 Explosions 231 | . . 231 Melee . | . . . Ramming . | . . . Kinetic 1558 | . 800 758 Thermal . | . . . Explosive . | . . . Electromagnetic 231 | . . 231 Impact . | . . . Slashing . | . . . Piercing . | . . . Highest Corruption . | . . . Average Corruption . | . . . Corruption Purged . | . . . Corruption Blocked . | . . . Overload Shots . | . . . Overflow Damage . | . . . Projectiles . | . . . Explosions . | . . . Melee . | . . . Knockbacks 9 | . 6 3 Impact . | . . . Kinetic 9 | . 6 3 Secondary . | . . . Self-Inflicted Damage 7 | . . 7 Shots 1 | . . 1 Rammed . | . . . Targets Rammed . | . . . Kicked . | . . . Crushed . | . . . Highest Temperature 109 | . 109 . Average Temperature 36 | . 36 . Received Heat Transfer 291 | . 243 48 Siege Activations . | . . . Robots Corrupted . | . . . Combat Hostiles . | . . . Parts Fried . | . . . Impact Corruptions . | . . . Robots Melted . | . . . Combat Hostiles . | . . . Parts Melted . | . . . Heat Transferred . | . . . Parts Sabotaged . | . . . Parts Stolen . | . . . Parts Stripped . | . . . Power Chain Reactions . | . . . Alert | -11 -10 -10 ------- Run | Yrd Mat Sub Peak Influence 165 | . 165 . Initial . | . . . Average 46 | . 49 . Maximum Alert Level . | . . . Low Security (%) 100 | 100 100 . Level 1 . | . . . Level 2 . | . . . Level 3 . | . . . Level 4 . | . . . Level 5 . | . . . High Security . | . . . Max Security . | . . . Squads Dispatched 2 | . 2 . Investigation 2 | . 2 . Extermination . | . . . Reinforcement . | . . . Assault . | . . . Garrison . | . . . Intercept . | . . . Searches Triggered . | . . . Construction Impeded . | . . . Haulers Reinforced . | . . . Active Scanning Responses . | . . . Cargo Convoy Interrupts . | . . . Stealth | -11 -10 -10 --------- Run | Yrd Mat Sub Distress Signals . | . . . Communications Jammed . | . . . Distress Signals . | . . . Times Spotted 27 | . 17 10 Peak Tracking Total 4 | . 4 3 Tactical Retreats 2 | . 1 1 Traps | -11 -10 -10 ------- Run | Yrd Mat Sub Traps Triggered 5 | . 5 . Indirectly . | . . . Trap Hack Attempts . | . . . Triggered . | . . . Disarmed . | . . . Reprogrammed . | . . . Reused . | . . . Traps Extracted . | . . . Installed . | . . . Triggered . | . . . Machines | -11 -10 -10 ---------- Run | Yrd Mat Sub Machines Disabled 1 | . . 1 Max in Single Turn 1 | . . 1 Machines Repaired . | . . . Machines Dismantled . | . . . Machines Sabotaged . | . . . Overloaded Fab Kills . | . . . Hacking | -11 -10 -10 --------- Run | Yrd Mat Sub Machines Accessed 6 | . 4 2 Terminals 2 | . 2 . Fabricators . | . . . Repair Stations 1 | . 1 . Recycling Units 1 | . 1 . Scanalyzers . | . . . Garrison Access . | . . . Total Hacks 19 | . 9 10 Successful 16 | . 6 10 Failed 3 | . 3 . Catastrophic 1 | . 1 . Database Lockouts . | . . . Manual . | . . . Terminals 3 | . 3 . Fabricators . | . . . Repair Stations 5 | . 5 . Recycling Units 1 | . 1 . Scanalyzers . | . . . Garrison Access . | . . . Terminal Hacks 11 | . 1 10 Record 9 | . . 9 Unreport Threat 1 | . 1 . Derelict Proto ID Bank 1 | . . 1 Fabricator Hacks . | . . . Repair Station Hacks 4 | . 4 . Scan Component 2 | . 2 . Repair 2 | . 2 . Recycling Unit Hacks 1 | . 1 . Retrieve Components 1 | . 1 . Scanalyzer . | . . . Garrison Access Hacks . | . . . Unauthorized Hacks . | . . . Terminals . | . . . Fabricators . | . . . Repair Stations . | . . . Recycling Units . | . . . Scanalyzers . | . . . Garrison Access . | . . . Data Cores Recovered . | . . . Used . | . . . Hacking Detections 2 | . 2 . Full Trace Events . | . . . Feedback Events . | . . . Feedback Blocked . | . . . Robot Schematics Acquired . | . . . Robots Built . | . . . Authchips . | . . . Time . | . . . Total Robot Build Rating . | . . . Part Schematics Acquired . | . . . Parts Built . | . . . Authchips . | . . . Time . | . . . Total Part Build Rating . | . . . Parts Repaired 2 | . 2 . Time 52 | . 52 . Parts Recycled . | . . . Recycled Matter . | . . . Retrieved Matter . | . . . Retrieved Components 3 | . 3 . Parts Scanalyzed . | . . . Part Schematics Acquired . | . . . Parts Damaged . | . . . Bothacking | -11 -10 -10 ------------ Run | Yrd Mat Sub Used RIF Installer . | . . . Robots Hacked . | . . . Non-combat . | . . . Combat . | . . . Robot Hacks Applied . | . . . Relay Couplers Released . | . . . Fabnet Peak Effective % . | . . . Robots Rewired . | . . . Allies Hacked . | . . . Hacks Repelled . | . . . Allies | -11 -10 -10 -------- Run | Yrd Mat Sub Total Allies . | . . . Largest Group . | . . . Highest-Rated Group . | . . . Highest-Rated Ally . | . . . Total Orders . | . . . Ally Attacks . | . . . Total Damage . | . . . Kills . | . . . Allies Corrupted . | . . . Allies Melted . | . . . Intel | -11 -10 -10 ------- Run | Yrd Mat Sub Robot Analysis Total . | . . . Derelict Logs Recovered 1 | . . 1 Drone Launches . | . . . Drone Recoveries . | . . . Exploration | -11 -10 -10 ------------- Run | Yrd Mat Sub Turns Passed 13177 | 85 1132 11960 Spaces Moved 1778 | 43 531 1204 Core 17 | 17 . . Treads 1178 | 26 531 621 Legs . | . . . Wheels 583 | . . 583 Hover . | . . . Flight . | . . . Fastest Speed 50 | 50 160 110 Average Speed 168 | 167 160 172 Slowest Speed 250 | 250 160 240 Overloaded Moves . | . . . Propulsion Burnouts . | . . . Robots Hopped . | . . . Cave-ins Triggered . | . . . Exploration Rate (%) 45 | 4 68 63 Regions Visited 2 Branch Regions 1 Pre-discovered Areas . | . . . Known Exits Taken . | . . . Unknown Exits Taken 2 | 1 1 . Scrap Searched 6 | . . 6 Spaces Dug 3 | . . 3 Terrain Destroyed 3 | . . 3 Melee 3 | . . 3 Projectile . | . . . AOE . | . . . Terrain Rammed . | . . . Walls Destroyed . | . . . Machines Disabled . | . . . Actions | -11 -10 -10 --------- Run | Yrd Mat Sub Total 11713 | 53 722 10938 Wait 9701 | 2 104 9595 Move 1776 | 42 530 1204 Hop . | . . . Pick Up 27 | 3 15 9 Fast Attach 18 | 6 7 5 Attach 5 | . 1 4 Detach 2 | . 2 . Swap 17 | . 3 14 Drop 22 | . 13 9 Fire 115 | . 47 68 Melee 30 | . . 30 Ram . | . . . Kick . | . . . Crush . | . . . Escape Stasis . | . . . Rewire . | . . . Trap . | . . . Miscellaneous . | . . . Route ------- -11/Scrapyard -10/Materials (discovered 4 exits: [*Mat x2] / [*Min] / *Sub) -10/Subcaves (discovered 2 exits: [*Mat x2]) History --------- Turn | Location | Event 6 | -11/Scrapyard | Discovered new exit (range 16) 86 | -11/Scrapyard | Entered Materials 178 | -10/Materials | Discovered new exit (range 5) 315 | -10/Materials | Build established: Mutant 318 | -10/Materials | Discovered new exit (range 4) 540 | -10/Materials | Discovered new exit (range 16) 976 | -10/Materials | Repaired Lgt. Treads 1004 | -10/Materials | Repaired Lgt. Treads 1208 | -10/Materials | Discovered new exit (range 6) 1218 | -10/Materials | Entered Subcaves 1256 | -10/Subcaves | Core integrity fell below 50% 1993 | -10/Subcaves | Discovered new exit (range 12) 2016 | -10/Subcaves | A Subdweller sparked back to life 2023 | -10/Subcaves | Core integrity fell below 20% 2088 | -10/Subcaves | Found Prototype Power Core 2247 | -10/Subcaves | Visited Clippyterm 3906 | -10/Subcaves | Learned Materials stockpile data 4187 | -10/Subcaves | Build established: Scavenger-Mutant 4398 | -10/Subcaves | Visited 4L-MR0's lab 4410 | -10/Subcaves | Found Prototype Power Core 4413 | -10/Subcaves | Identified Meta Core (x2) 10965 | -10/Subcaves | Discovered new exit (range 11) 13178 | -10/Subcaves | Destroyed by G0-BXH(R) with Subdweller Machine Gun Last Messages --------------- 08243_ Searching scrap... 08243_ Found Battle Cannon. 08243_ Found Mak. Light Armor Plating. 08243_ Found 26 Matter. 08244_ Acquired 26 matter. 08248_ Dropped Lgt. Armor Plating. 08249_ Acquired Mak. Light Armor Plating. 08250_ Searching scrap... 08250_ Found Flamer. 08250_ Found 29 Matter. 08251_ Acquired 29 matter. 08252_ Subatomizers dissect the Sub. Machine Gun. 08253_ Searching scrap... 08253_ Found Scrap Shield. 08253_ Found Mak. Spear. 08253_ Found 24 Matter. 08254_ Acquired 24 matter. 08257_ Acquired Mak. Spear. 10965_ EXIT=FOUND Map ----- +----------------------------------------------------+ | ????????????????????????????????????????????????? | | ????????????????????????????????????????????????? | | ????????????????????????????????????????????????? | | ????????????????????????????????????????????????? | | ????????????????????????????????????????????????? | | ????????????????????????????????????????????????? | | ????????????????????????????????????????????????? | | ????????????????????????????????????????????????? | | ????????????????????????????????????????????????? | | ????????????????????????????????????????????????? | | ????????????????????????????????????????????????? | | ????????????????????????????????????????????????? | | ????????????????????????????????????????????????? | | ??????????????## ""?????????????????????????????? | | ??????????????# "?????????????????????????????? | | ??????????????# ?????????????????????????????? | | ??????????????? ?????????????????????????????? | | ???????????????# ????????????????????????????? | | ???????????????# ????????????????????????????? | | ???????????????? ????????????????????????????? | | ????????????????? ????????????????????????????? | | ?????????????????# ????????? ??????????????? | | ?????????????????# ????????#[ #??????????????? | | ?????????????????##[ ????????# #??????????????? | | ?????????????????# $ ######### O #??????????????? | | ?????????????????# ##@ #???#####??###??? | | ?????????????????# #???# ??## ##?? | | ?????????????????# R #??## ?## ### | | ?????????????????## ## #### ### # | | ??????????????????#####% # # ## | | ?????????????????????# & | | ?????????????????????# ### | | ?????????????????????# ##?? ## ### | | ?????????????????????# #????# # ###?# | | ?????????????????????## ###??## # ##???? | | ???????????????????#### #### # ####????? | | ???????????????????# ##???????? | | ???????????????????## ### # ## ##????????? | | ????????????????????#####?########## ##?????????? | | ???????????????????????????????????###??????????? | | ????????????????????????????????????????????????? | | ????????????????????????????????????????????????? | | ????????????????????????????????????????????????? | | ????????????????????????????????????????????????? | | ????????????????????????????????????????????????? | | ????????????????????????????????????????????????? | | ????????????????????????????????????????????????? | | ????????????????????????????????????????????????? | | ????????????????????????????????????????????????? | | ????????????????????????????????????????????????? | +----------------------------------------------------+ Best States ------------- Heat Dissipation 25 Energy Generation 10 Energy Capacity 250 Matter Stores 300 Matter Capacity 300 Sight Range 16 Terrain Scan Range 16 Terrain Scan Density 10 Armor Coverage 150 Core Shielding 20 Evasion (%) 40 Recoil Reduction 2 Item Schematics ----------------- None Robot Schematics ------------------ None Fabricated ------------ Nothing Alien Tech Used ----------------- None Achievements -------------- None Challenges ------------ None Game ------ Seed GravitonRiotWeb Manual? 0 Play Time 00:33:33 Cumulative 95.1 hours Start 2024.05.31 @ 16:59:59 End 2024.05.31 @ 17:35:12 Sessions 1 Manual Loads 0 Difficulty Rogue Special Mode None Game No. 161 Rogue 161 Adventurer 0 Explorer 0 Win Type - Total 1 Types 1/0/0/0/0/0/0/0/0 Lore% 42 Gallery% 46 Achievement% 33 Wizard Run 0 Options --------- Layout 1 ASCII 0 Keyboard 1 Movement Numpad Keybinds 0 Fullscreen 1 Font 24/Smallcaps Map View 50x35 Zoom Use 0% Tactical HUD 1 Map Filters NONE Filters NONE Steam 1 RUN: 726c9105-abc2-496e-b9af-5d8ee794bdea